 Dungeon Sprint DCSS version 0.30-a0-1103-g25895a7845 (webtiles) character file.

Game seed: 3074988261466528224

594 dduke234 the Nimble (level 7, -2/63 HPs)
             Began as a Gnoll Monk on Apr 18, 2023.
             Was an Elder of Kikubaaqudgha.
             Slain by Louise
             ... wielding a +2 demon trident of flaming
              (12 damage)
             ... in the Dungeon (Sprint V: "Ziggurat Sprint").
             The game lasted 00:02:16 (96 turns).

dduke234 the Nimble (Gnoll Monk)                      Turns: 96, Time: 00:02:18

Health: -2/63      AC: 27    Str: 25    XL:     7   Next: 39%
Magic:  6/15       EV:  4    Int:  9    God:    Kikubaaqudgha [****..]
Gold:   0          SH: 27    Dex: 14    Spells: 17/17 levels left

rFire   . . .      SeeInvis +    C - +16 obsidian axe {drain, demonic, Mesm Drain Fly SInv}
rCold   . . .      Faith    .    E - +18 shield of the Gong {Loud rN+ Will+ rCorr EV-5}
rNeg    + . .      Spirit   .    D - +15 Maxwell's patent armour {-Cast -Tele rElec Will+ rCorr}
rPois   .          Reflect  .    (no helmet)
rElec   +          Rampage  .    (no cloak)
rCorr   +          NoTele   +    (no gloves)
Will    ++...      NoCast   +    (no boots) Stlth
                                 (no amulet)
HPRegen 0.00/turn                B - +6 ring of strength
MPRegen 0.14/turn                A - +6 ring of strength

@: flying, mesmerised, inhibited regen
A: fangs 1, strong nose, distributed training, screaming 1, inhibited
regeneration
a: Renounce Religion, Unearth Wretches


You were in the Dungeon.
You worshipped Kikubaaqudgha.
Kikubaaqudgha was greatly pleased with you.
You visited 1 branch

Inventory:

Hand Weapons
 a - a +0 mace
 C - the +16 obsidian axe (weapon) {drain, demonic, Mesm Drain Fly SInv}
   (You found it in the Dungeon)

   Mesm:      Its wielder is mesmerised by any visible foes, and it cannot be
   unequipped while any foes are visible.
   SInv:      It lets you see invisible.
   Fly:       It grants you flight.
   Drain:     It drains your maximum health when unequipped.
Armour
 b - a +0 robe
 d - an orb of light
 D - the +15 Maxwell's patent armour (worn) {-Cast -Tele rElec Will+ rCorr}
   (You found it in the Dungeon)

   rElec:     It insulates you from electricity.
   -Cast:     It prevents spellcasting.
   -Tele:     It prevents most forms of teleportation.
   rCorr:     It protects you from acid and corrosion.
   Will:      It increases your willpower.
 E - the +18 shield of the Gong (worn) {Loud rN+ Will+ rCorr EV-5}
   (You found it in the Dungeon)

   Loud:      It is deafeningly noisy when blocking attacks.
   EV:        It affects your evasion (-5).
   rN:        It protects you from negative energy.
   rCorr:     It protects you from acid and corrosion.
   Will:      It increases your willpower.
Jewellery
 v - a ring of flight
 w - a +6 ring of dexterity
 x - a +6 ring of dexterity
 y - a +6 ring of intelligence
 z - a +6 ring of intelligence
 A - a +6 ring of strength (right hand)
 B - a +6 ring of strength (left hand)
 F - a ring of ice
Wands
 t - a wand of mindburst (14)
 u - a wand of acid (7)
 G - a wand of paralysis (2)
Scrolls
 j - 4 scrolls of blinking
 p - 4 scrolls of amnesia
 q - 7 scrolls of fog
 r - 5 scrolls of identify
 s - 2 scrolls of fear
Potions
 c - a potion of ambrosia
 e - 9 potions of curing
 f - 8 potions of heal wounds
 g - 6 potions of haste
 h - 7 potions of magic
 i - 3 potions of berserk rage
 k - 2 potions of brilliance
 l - 2 potions of invisibility
 m - 4 potions of resistance
 n - a potion of experience
 o - 5 potions of might


   Skills:
 + Level 8.8 Fighting
 + Level 5.7 Short Blades
 + Level 5.7 Long Blades
 + Level 5.7 Axes
 + Level 8.8 Maces & Flails
 + Level 5.7 Polearms
 + Level 5.7 Staves
 + Level 5.7 Ranged Weapons
 + Level 5.7 Throwing
 + Level 5.7 Armour
 + Level 8.8 Dodging
 + Level 5.7 Stealth
 + Level 5.7 Shields
 + Level 5.7 Unarmed Combat
 + Level 5.7 Spellcasting
 + Level 4.7 Conjurations
 + Level 4.7 Hexes
 + Level 4.7 Summonings
 + Level 4.7 Necromancy
 + Level 4.7 Translocations
 + Level 4.7 Transmutations
 + Level 4.7 Fire Magic
 + Level 4.7 Ice Magic
 + Level 4.7 Air Magic
 + Level 4.7 Earth Magic
 + Level 4.7 Poison Magic
 + Level 6.2 Invocations
 + Level 5.7 Evocations


You had 17 spell levels left.
You didn't know any spells.
Your spell library contained the following spells:

 Spells                   Type           Power      Damage    Failure   Level
 Necrotise                Necr           44%        1d6       77%         1
 Cigotuvi's Dreadful Rot  Necr/Pois/Air  22%        N/A       88%         2
 Sublimation of Blood     Necr           11%        N/A       88%         2
 Vampiric Draining        Necr           11%        2d6       98%         3
 Anguish                  Hex/Necr       5%         N/A       100%        4
 Dispel Undead            Necr           11%        3d9       100%        4
 Agony                    Necr           11%        N/A       100%        5
 Death Channel            Necr           5%         N/A       100%        6


Dungeon Overview and Level Annotations

Branches:
Dungeon (1/1)

Altars:
Ashenzari
Cheibriados
Dithmenos
Elyvilon
Fedhas
Gozag
Hepliaklqana
Kikubaaqudgha
Makhleb
Nemelex Xobeh
Okawaru
Qazlal
Ru
Sif Muna
Trog
Uskayaw
Vehumet
Wu Jian
Xom
Yredelemnul
Zin
The Shining One
Jiyva
Lugonu

Annotations:
D 1 transporter, Louise


Innate Abilities, Weirdness & Mutations

You have very sharp teeth.
Your uncanny sense of smell can sniff out nearby items.
Your experience applies equally to all skills.
You occasionally shout uncontrollably at your foes.
You do not regenerate when monsters are visible.


Message History

The boulder beetle leaps!
You block the ironbound convoker's attack.
GONNNNG!
The wizard casts a spell.
The wizard flickers and vanishes for a moment.
You block Louise's attack.
GONNNNG!
The acid blob hits you but does no damage.
The guardian serpent hits you but does no damage.
You block the neqoxec's attack.
GONNNNG!
Your soul eater hits the acid blob!!
Your soul eater drains the acid blob!
Your soul eater is burned by acid!
You slash the wizard!
You kill the wizard!
Kikubaaqudgha accepts your kill.
You hit the boulder beetle. You drain the boulder beetle.
You slash the acid blob!
Your hands burn!
You slash the guardian serpent! You slash the neqoxec!
You closely miss the ironbound convoker.
Visions of slaying the boulder beetle flood into your mind.
You block the guardian serpent's attack.
GONNNNG!
The acid blob hits you but does no damage.
The ironbound convoker hits you with a +0 great mace!!
* * * LOW HITPOINT WARNING * * *
You block Louise's attack.
GONNNNG!
Your hellwing hits the boulder beetle but does no damage. x2
You block the boulder beetle's attack.
GONNNNG!
You block the guardian serpent's attack.
BOUMMMMG!
The neqoxec barely misses you.
Your soul eater hits the acid blob!
Your soul eater is burned by acid!
The ironbound convoker casts a spell at the acid blob.
The acid blob seems to grow stronger.
Louise hits you from afar with a +2 demon trident of flaming!
You die...
Kikubaaqudgha rasps: "You have failed me!
Welcome... death!"

▓▓▓▓▓▓▓▓▓▓▓▓▓▓▓▓▓▓▓
▓.8©8.▓.8©8.▓.8©8.▓
∆
▓.==}.▓..)..▓.....▓
∆
▓..[@.▓.....▓.[.).▓
▓○pJC.▓.....▓.....▓
▓)3@S.▓..†..▓.....▓
▓.B43.▓.....▓..©..▓
▓..©..▓..©..▓▓▓▓▓▓▓
▓▓▓▓▓▓▓▓▓▓▓▓▓ ∆∆∆
∆∆∆ ∆ ∆ ∆


You could see a titan shaped shifter, Louise, an acid blob shaped shifter
(strong, drained), a boulder beetle (mesmerising, drained, ally target), an
ironbound convoker (catching breath), a guardian serpent (ally target), a
neqoxec (summoned), a friendly soul eater (summoned, corroded) and a friendly
hellwing (summoned).

Vanquished Creatures
  A wizard (D)
  A flying skull (D)
  A boggart (D)
  A phantom (D)
  2 necrophages (D)
  A quasit (D)
  A bat zombie (D)
8 creatures vanquished.

Vanquished Creatures (collateral kills)
  A naga (D)
1 creature vanquished.

Grand Total: 9 creatures vanquished

Notes
Turn   | Place    | Note
-------+----------+-------------------------------------------
     0 | D        | dduke234 the Gnoll Monk began the quest for the Orb.
     0 | D        | Reached XP level 1. HP: 23/23 MP: 1/1
     0 | D        | Found a shimmering blue altar of Sif Muna.
     0 | D        | Found a bloodstained altar of Trog.
     0 | D        | Found a sacrificial altar of Ru.
     0 | D        | Found a stormy altar of Qazlal.
     0 | D        | Found an iron altar of Okawaru.
     1 | D        | Found a sparkling altar of Nemelex Xobeh.
     1 | D        | Found a blossoming altar of Fedhas.
     1 | D        | Found the +6 Majin-Bo {spellvamp, MP+6 Int+6}
     1 | D        | Found the +27 heavy crossbow "Sniper" {heavy, Acc+∞ SInv}
     1 | D        | Found the +10 dark maul {heavy}
     1 | D        | Found the +15 Maxwell's patent armour {-Cast -Tele rElec
                  | Will+ rCorr}
     1 | D        | Found the +18 shield of the Gong {Loud rN+ Will+ rCorr
                  | EV-5}
     1 | D        | Found the +16 obsidian axe {drain, demonic, Mesm Drain Fly
                  | SInv}
     1 | D        | Found the +7 great mace "Firestarter" {flame, immolate,
                  | rFlCloud rF++}
     1 | D        | Found the +6 shillelagh "Devastator" {shatter}
     1 | D        | Found the +11 plutonium sword {Contam Stlth-}
     1 | D        | Found the +8 lance "Wyrmbane" {slay drac, rPois rF+ rC+
                  | AC+3}
     1 | D        | Found the +9 sword of Zonguldrok {reap}
     1 | D        | Found the +13 scythe of Curses {drain, curses, Drain}
     1 | D        | Found the +9 sword of Power {lifebolt}
     1 | D        | Found the +7 mace of Variability {chaos, chaos arc}
     1 | D        | Found the +11 Singing Sword {sonic wave}
     1 | D        | Found the +8 storm bow {elec, penet}
     3 | D        | Found a transporter.
     3 | D        | Found an ancient bone altar of Kikubaaqudgha.
     3 | D        | Found a viscous altar of Jiyva.
     3 | D        | Found a corrupted altar of Lugonu.
     3 | D        | Found a hazy altar of Hepliaklqana.
     3 | D        | Found a burning altar of Makhleb.
     3 | D        | Found an opulent altar of Gozag.
    47 | D        | Became a worshipper of Kikubaaqudgha
    47 | D        | Reached * piety under Kikubaaqudgha
    47 | D        | Received a gift from Kikubaaqudgha
    47 | D        | Reached ** piety under Kikubaaqudgha
    52 | D        | Entered arena 2.
    52 | D        | Noticed a flying skull
    52 | D        | Found a transporter.
    58 | D        | Killed a flying skull
    59 | D        | Reached XP level 2. HP: 30/31 MP: 1/6
    59 | D        | Reached XP level 3. HP: 34/36 MP: 1/8
    59 | D        | Reached XP level 4. HP: 41/43 MP: 1/9
    59 | D        | Reached XP level 5. HP: 46/48 MP: 1/10
    68 | D        | Entered arena 3.
    68 | D        | Noticed a phantom
    68 | D        | Found a transporter.
    73 | D        | Reached XP level 6. HP: 56/56 MP: 2/12
    73 | D        | Reached *** piety under Kikubaaqudgha
    73 | D        | Received a gift from Kikubaaqudgha
    74 | D        | Reached skill level 5 in Invocations
    76 | D        | Reached skill level 5 in Short Blades
    76 | D        | Reached skill level 5 in Long Blades
    76 | D        | Reached skill level 5 in Axes
    76 | D        | Reached skill level 5 in Polearms
    76 | D        | Reached skill level 5 in Staves
    76 | D        | Reached skill level 5 in Ranged Weapons
    76 | D        | Reached skill level 5 in Throwing
    76 | D        | Reached skill level 5 in Armour
    76 | D        | Reached skill level 5 in Stealth
    76 | D        | Reached skill level 5 in Shields
    76 | D        | Reached skill level 5 in Unarmed Combat
    76 | D        | Reached skill level 5 in Spellcasting
    76 | D        | Reached skill level 5 in Evocations
    86 | D        | Entered arena 4.
    86 | D        | Noticed a boulder beetle
    86 | D        | Noticed a wizard
    86 | D        | Noticed an ironbound convoker
    86 | D        | Found a transporter.
    89 | D        | a glowing shapeshifter changed into a rockslime
    89 | D        | Noticed a rockslime (glowing shapeshifter)
    89 | D        | a glowing shapeshifter changed into a juggernaut
    89 | D        | Noticed a juggernaut (glowing shapeshifter)
    89 | D        | Noticed a guardian serpent
    89 | D        | Noticed a naga
    90 | D        | Noticed Louise
    90 | D        | Noticed a neqoxec
    90 | D        | a rockslime changed into a shard shrike
    90 | D        | Noticed a shard shrike (glowing shapeshifter)
    91 | D        | a shard shrike changed into a titan
    91 | D        | Noticed a titan (glowing shapeshifter)
    91 | D        | a juggernaut changed into an acid blob
    91 | D        | Noticed an acid blob (glowing shapeshifter)
    92 | D        | Gained mutation: You occasionally shout uncontrollably at
                  | your foes. [a neqoxec]
    92 | D        | Gained mutation: You do not regenerate when monsters are
                  | visible. [a neqoxec]
    92 | D        | Killed a naga
    92 | D        | Reached **** piety under Kikubaaqudgha
    93 | D        | Reached XP level 7. HP: 27/63 MP: 5/15
    96 | D        | Killed a wizard
    96 | D        | Slain by Louise

Illustrated notes

Levels and vault maps discovered:
D:        sprint_v [room_start, room_1, room_2, room_3, room_4, room_5, room_6,
          room_7, room_8, room_9, room_10, room_11, room_12, room_13, room_14,
          room_15, room_16, room_17, room_18, room_19, room_20, room_21,
          room_22, room_23, room_24, room_25, room_26, room_27]

Skill      XL: |  1  2  3  4  5  6 |
---------------+-------------------+-----
Fighting       | 7 8 |  8.8
Short Blades   | 3 4 5 |  5.7
Long Blades    | 3 4 5 |  5.7
Axes           | 3 4 5 |  5.7
Maces & Flails | 7 8 |  8.8
Polearms       | 3 4 5 |  5.7
Staves         | 3 4 5 |  5.7
Ranged Weapons | 3 4 5 |  5.7
Throwing       | 3 4 5 |  5.7
Armour         | 3 4 5 |  5.7
Dodging        | 7 8 |  8.8
Stealth        | 3 4 5 |  5.7
Shields        | 3 4 5 |  5.7
Unarmed Combat | 3 4 5 |  5.7
Spellcasting   | 3 4 5 |  5.7
Conjurations   | 3 4 |  4.7
Hexes          | 3 4 |  4.7
Summonings     | 3 4 |  4.7
Necromancy     | 3 4 |  4.7
Translocations | 3 4 |  4.7
Transmutations | 3 4 |  4.7
Fire Magic     | 3 4 |  4.7
Ice Magic      | 3 4 |  4.7
Air Magic      | 3 4 |  4.7
Earth Magic    | 3 4 |  4.7
Poison Magic   | 3 4 |  4.7
Invocations    | 4 6 |  6.2
Evocations     | 3 4 5 |  5.7

Action                     |  1- 3 |  4- 6 |  7- 9 || total
---------------------------+-------+-------+-------++-------
  Melee: Broad axe         |     6 |     9 |     1 ||    16
    Use: Potion            |       |       |     3 ||     3
 Armour: Plate armour      |     3 |    10 |     5 ||    18
  Dodge: Dodged            |       |     3 |     3 ||     6
  Block: Kite shield       |    10 |    22 |    11 ||    43

Table legend: (Time is in decaauts)
 A = Elapsed time spent in this place.
 B = Non-inter-level travel time spent in this place.
 C = Inter-level travel time spent in this place.
 D = Time resting spent in this place.
 E = Time spent auto-exploring this place.
 F = Levels seen in this place.
 G = Mean time per level.
                   A        B        C        D        E       F      G
               +--------+--------+--------+--------+--------+-----+--------+
         Total |    103 |    103 |      0 |      0 |      0 |   1 |  103.0 |
       Dungeon |    103 |    103 |      0 |      0 |      0 |   1 |  103.0 |
               +--------+--------+--------+--------+--------+-----+--------+

Top non-repeatable levels by time:
       D: 103 daAuts
